 Dungeon Crawl Stone Soup version 0.26.1-11-gd32895ea62 (webtiles) character file.

Game seed: 10018602036862525361

11585 Tirrikindir the Carver (level 11, -10/74 HPs)
             Began as an Octopode Fighter on May 24, 2021.
             Was an Initiate of Gozag.
             Mangled by a wyvern (15 damage)
             ... on level 11 of the Dungeon.
             The game lasted 00:36:34 (13537 turns).

Tirrikindir the Carver (Octopode Fighter)          Turns: 13537, Time: 00:36:36

Health: -10/74     AC:  3    Str: 19    XL:     11   Next: 80%
Magic:  11/11      EV: 16    Int:  8    God:    Gozag
Gold:   204        SH: 13    Dex: 12    Spells: 10/10 levels left

rFire    . . .     SeeInvis +   a - +7 long sword (drain)
rCold    . . .     Faith    .   b - +2 kite shield
rNeg     . . .     Spirit   .   (helmet restricted)
rPois    .         Reflect  .   (no amulet)
rElec    .         Harm     .   t - -4 ring of intelligence (curse)
rCorr    +         Rampage  .   m - ring of see invisible
Will     .....                  x - ring of resist corrosion
Stlth    +++++.....             (no ring)
HPRegen  0.22/turn              (no ring)
MPRegen  0.12/turn              (no ring)
                                (no ring)
                                (no ring)

@: gold aura
A: almost no armour, stealthy swim, amphibious, 8 rings, constrict 8, icy blue
scales 1, camouflage 1, clever 1, gelatinous body 1
a: Renounce Religion, Potion Petition, Call Merchant, Bribe Branch


You were on level 11 of the Dungeon.
You worshipped Gozag.
Gozag was aware of your devotion.
You visited 2 branches of the dungeon, and saw 12 of its levels.

You collected 1367 gold pieces.
You spent 450 gold pieces at shops.
You paid 713 gold pieces to Gozag.

Inventory:

Hand Weapons
 a - a +7 long sword of draining (weapon)
 j - a +1 short sword of protection
Missiles
 p - 25 poisoned darts (quivered)
Armour
 b - a +2 kite shield (worn)
 u - a +0 robe
Jewellery
 g - an uncursed ring of ice
 m - a ring of see invisible (right tentacle)
 t - a cursed -4 ring of intelligence (left tentacle)
 w - the amulet of Obsession {Inacc rElec rF- Dex+4, unknown}
   (You bought it in a shop on level 11 of the Dungeon)

   [amulet of inaccuracy]

   It reduces the accuracy of all your attacks.
   It affects your dexterity (+4).
   It makes you vulnerable to fire.
   It insulates you from electricity.
 x - a ring of resist corrosion (on tentacle)
Wands
 d - a wand of random effects (16)
 q - a wand of flame (74)
 v - a wand of enslavement (8)
Scrolls
 e - 4 scrolls of amnesia
 l - a scroll of teleportation
 s - a scroll of blinking
 y - a scroll of enchant weapon
Potions
 c - a potion of ambrosia {unknown}
 f - 2 potions of flight
 h - 5 potions of curing
 i - a potion of berserk rage
 k - a potion of might
 n - 3 potions of lignification
 o - a potion of haste
 r - a potion of invisibility {unknown}


   Skills:
 + Level 6.6 Fighting
 * Level 10.8 Long Blades
 * Level 8.5 Dodging
 + Level 8.4 Stealth
 * Level 8.5 Shields
 + Level 6.1 Evocations


You had 10 spell levels left.
You didn't know any spells.
Your spell library contained the following spells:

 Spells                   Type           Power        Failure   Level
 Animate Skeleton         Necr           0%           69%         1
 Corona                   Hex            0%           69%         1
 Pain                     Necr           0%           69%         1
 Ensorcelled Hibernation  Hex/Ice        0%           83%         2
 Confusing Touch          Hex            0%           96%         3
 Dazzling Flash           Conj/Hex       0%           96%         3
 Tukima's Dance           Hex            0%           96%         3
 Vampiric Draining        Necr           0%           96%         3
 Animate Dead             Necr           0%           100%        4
 Agony                    Necr           0%           100%        5


Dungeon Overview and Level Annotations

Branches:
Dungeon (11/15)            Temple (1/1) D:6            Lair (0/6) D:9
    Orc: D:9-12

Altars:
Ashenzari
Cheibriados
Dithmenos
Elyvilon
Fedhas
Gozag
Hepliaklqana
Kikubaaqudgha
Makhleb
Nemelex Xobeh
Okawaru
Qazlal
Ru
Sif Muna
Trog
Uskayaw
Vehumet
Wu Jian
Xom
Yredelemnul
Zin
The Shining One

Shops:
D:6 (   D:8 !   D:9 !   D:11 *:*}

Annotations:
D:8 exclusion: oklob plant


Innate Abilities, Weirdness & Mutations

You cannot wear most types of armour.
You are very stealthy in the water. (Stealth+)
You are amphibious.
You can wear up to eight rings at the same time.
You can use your tentacles to constrict eight enemies at once.
Your skin changes colour to match your surroundings (Stealth+).
Your rubbery body absorbs attacks. (AC +1, EV +1)
You are partially covered in icy blue scales. (AC +2)
Your mind is acute. (Int +2)


Message History

The centaur is moderately wounded.
The centaur becomes distracted by the nearby gold, dreaming of imaginary riches.
The centaur shouts!
You hit the centaur.
The centaur is no longer distracted by gold.
The centaur is heavily wounded.
Your surroundings suddenly seem different.
An orc priest comes into view. It is wielding a +0 club.
A centaur and a two-headed ogre come into view.
The wyvern bites you.
* * * LOW HITPOINT WARNING * * *
You feel better.
The centaur wields a +2 shortbow of freezing.
It is covered in frost.
The centaur shoots an arrow.
The arrow hits you!
* * * LOW HITPOINT WARNING * * *
The arrow freezes you.
* * * LOW HITPOINT WARNING * * *
The wyvern bites you!
You die...
Your body crumbles into a pile of gold.

#...# **...,**** *,,,, #...#
*,...,,,.#***********, ##.##
**....,,..,**,,,,,,,,, #.*
*#...**.#,**,******** *,*
**###..###.#,,,,,,,*
****,*****,,.....,..#,#*,**,*
,,,,,,,,**,**#...,..#.##.**,*
,,,,**,,**,***#.##.......**,*
,,,,,,,,,,,,,,#.@l....#****,*
,,,,,*,,**,**,#.#####....,,,*
,,,*,*,,*#.##.#c####****#****
,,,,,,,,*#.........#
*,,,,,,,*#.......#.#
****,****#.#..##.#.# *,,,,,*
#,#..,....# *,,,,,*
*,#.##....# *,,,,,*
*,#.*#....#


You could see a wyvern and a centaur.

Vanquished Creatures
  Harold (D:9)
  A centaur warrior (D:11)
  2 unseen horrors
  An ugly thing (D:11)
  A black mamba (shapeshifter) (D:11)
  Joseph (D:8)
  4 trolls (D:10)
  Eustachio (D:4)
  15 yaks
  Menkaure (D:6)
  2 water moccasins
  Duvessa (D:7)
  3 orc warriors
  4 sky beasts
  2 ice beasts (D:6)
  A phantom (D:6)
  5 ogres
  2 black bears
  A necrophage (D:7)
  A centaur (D:8)
  A big kobold (D:7)
  8 bullfrogs
  A gnoll sergeant (D:8)
  A wyvern zombie (D:11)
  Dowan (D:7)
  3 scorpions
  A wyvern skeleton (D:6)
  A water moccasin zombie (D:7)
  8 killer bees (D:10)
  3 wights (D:11)
  A centaur zombie (D:5)
  A bullfrog zombie (D:8)
  A quasit (D:10)
  A bullfrog skeleton (D:3)
  2 hounds
  2 orc priests
  7 orc wizards
  Crazy Yiuf (D:6)
  A centaur skeleton (D:8)
  Jessica (D:3)
  Natasha (thrice) (D:3)
  2 iguanas
  9 worker ants
  2 hound zombies
  A hound skeleton (D:5)
  A howler monkey zombie (D:5)
  A worker ant zombie (D:8)
  9 gnolls
  18 adders
  2 shadow imps
  A white imp (D:5)
  3 ufetubi
  An adder skeleton (D:4)
  5 worms
  5 dart slugs
  5 leopard geckos
  37 orcs
  6 giant cockroaches
  13 goblins
  15 hobgoblins
  7 jackals
  7 kobolds
  8 quokkas
  2 ball pythons (D:2)
  5 bats
  A frilled lizard (D:2)
  A leopard gecko skeleton (D:5)
  A quokka skeleton (D:4)
  7 rats
274 creatures vanquished.

Vanquished Creatures (others)
  A human (D:2)
  5 fungi (D:9)
  7 plants (D:9)
13 creatures vanquished.

Grand Total: 287 creatures vanquished

Notes
Turn   | Place    | Note
-------+----------+-------------------------------------------
     0 | D:1      | Tirrikindir the Octopode Fighter began the quest for the
                  | Orb.
     0 | D:1      | Reached XP level 1. HP: 16/16 MP: 1/1
   412 | D:1      | Reached XP level 2. HP: 16/21 MP: 2/2
   562 | D:1      | Reached skill level 1 in Stealth
   739 | D:1      | Reached XP level 3. HP: 26/26 MP: 3/3
  1298 | D:2      | Reached XP level 4. HP: 31/31 MP: 4/4
  1311 | D:2      | Reached skill level 3 in Long Blades
  2214 | D:2      | Found an ancient bone altar of Kikubaaqudgha.
  2215 | D:2      | Noticed a human
  2218 | D:2      | Killed a human
  2404 | D:2      | Found a burning altar of Makhleb.
  2507 | D:3      | Noticed Natasha
  2507 | D:3      | Noticed Jessica
  2522 | D:3      | Killed Natasha
  2523 | D:3      | Reached XP level 5. HP: 36/36 MP: 5/5
  2525 | D:3      | Killed Jessica
  2576 | D:3      | Found a sacrificial altar of Ru.
  2618 | D:3      | Reached XP level 6. HP: 41/43 MP: 6/6
  2643 | D:3      | Reached skill level 4 in Long Blades
  2772 | D:3      | Noticed Natasha
  2778 | D:3      | Killed Natasha
  3405 | D:3      | Noticed Natasha
  3414 | D:3      | Killed Natasha
  3979 | D:4      | Noticed Eustachio
  4003 | D:4      | Killed Eustachio
  4004 | D:4      | Reached skill level 1 in Evocations
  4004 | D:4      | Reached XP level 7. HP: 35/48 MP: 7/7
  4203 | D:4      | Reached skill level 5 in Long Blades
  4724 | D:4      | Noticed a yak
  4725 | D:4      | Noticed a yak
  4726 | D:4      | Noticed a yak
  4744 | D:4      | Killed a yak
  4744 | D:4      | Noticed a yak
  4745 | D:4      | Reached skill level 6 in Long Blades
  4748 | D:4      | Killed a yak
  4749 | D:4      | Reached XP level 8. HP: 26/54 MP: 8/8
  4750 | D:4      | Killed a yak
  4751 | D:4      | Reached skill level 7 in Long Blades
  4755 | D:4      | Killed a yak
  5057 | D:4      | Gained mutation: You are weak. (Str -2) [potion of
                  | mutation]
  5057 | D:4      | Gained mutation: You are very weak. (Str -4) [potion of
                  | mutation]
  5057 | D:4      | Gained mutation: One of your tentacles bears a spike.
                  | [potion of mutation]
  5072 | D:4      | Reached skill level 8 in Long Blades
  5243 | D:5      | Entered Level 5 of the Dungeon
  5839 | D:5      | Found a bloodstained altar of Trog.
  6486 | D:6      | Found Afenk's Antique Weapon Shop.
  6527 | D:6      | Noticed Menkaure
  6533 | D:6      | Killed Menkaure
  6588 | D:6      | Found a staircase to the Ecumenical Temple.
  6597 | Temple   | Entered the Ecumenical Temple
  7008 | D:6      | Reached XP level 9. HP: 58/58 MP: 9/9
  7131 | D:6      | Found a radiant altar of Vehumet.
  7244 | D:6      | Reached skill level 5 in Dodging
  7244 | D:6      | Reached skill level 5 in Stealth
  7244 | D:6      | Reached skill level 5 in Shields
  7502 | D:6      | Found a basalt altar of Yredelemnul.
  7595 | D:6      | Found a runed translucent door.
  7596 | D:6      | Noticed Crazy Yiuf
  7602 | D:6      | Killed Crazy Yiuf
  7757 | D:7      | Found an opulent altar of Gozag.
  7767 | D:7      | Became a worshipper of Gozag Ym Sagoz the Greedy
  7989 | D:7      | Noticed Duvessa
  7989 | D:7      | Noticed Dowan
  8026 | D:7      | Killed Duvessa
  8052 | D:7      | Killed Dowan
  8288 | D:7      | Reached skill level 9 in Long Blades
  8775 | D:7      | Found an ornate altar of the Wu Jian Council.
  8782 | D:7      | Noticed a spectral centipede
  8821 | D:7      | Found a hide-covered altar of Uskayaw.
  8834 | D:7      | Reached skill level 5 in Fighting
  9016 | D:7      | Found a stormy altar of Qazlal.
  9178 | D:7      | Reached XP level 10. HP: 62/66 MP: 10/10
  9372 | D:8      | Found a sacrificial altar of Ru.
  9372 | D:8      | Noticed an oklob plant
  9518 | D:8      | Found Byefiler's Distillery.
  9536 | D:8      | Bought a potion of berserk rage for 60 gold pieces
  9921 | D:8      | Noticed Joseph
  9940 | D:8      | Killed Joseph
 10248 | D:8      | Found an ancient bone altar of Kikubaaqudgha.
 11057 | D:9      | Noticed an unseen horror
 11066 | D:9      | Killed an unseen horror
 11071 | D:9      | Noticed Harold
 11084 | D:9      | Killed Harold
 11085 | D:9      | Reached skill level 10 in Long Blades
 11085 | D:9      | Reached skill level 5 in Evocations
 11125 | D:9      | Found a staircase to the Lair.
 11451 | D:10     | Entered Level 10 of the Dungeon
 11603 | D:10     | Reached XP level 11. HP: 24/72 MP: 11/11
 11821 | D:10     | Lost mutation: One of your tentacles bears a spike. [potion
                  | of mutation]
 11821 | D:10     | Lost mutation: You are very weak. (Str -4) [potion of
                  | mutation]
 11821 | D:10     | Lost mutation: You are weak. (Str -2) [potion of mutation]
 11821 | D:10     | Gained mutation: You are partially covered in icy blue
                  | scales. (AC +2) [potion of mutation]
 11821 | D:10     | Gained mutation: Your mind is acute. (Int +2) [potion of
                  | mutation]
 12094 | D:10     | Noticed an unseen horror
 12101 | D:10     | Killed an unseen horror
 12952 | D:11     | Noticed a white ugly thing
 12978 | D:11     | Killed a white ugly thing
 13212 | D:11     | Found Heruycki's Assorted Antiques.
 13213 | D:11     | Found Ificegec's General Store.
 13219 | D:11     | Found Kifast's Book Emporium.
 13219 | D:11     | Found Jumept's Gadget Emporium.
 13459 | D:11     | Bought a worn wooden wand for 104 gold pieces
 13459 | D:11     | Bought a twitching graven amulet for 130 gold pieces
 13459 | D:11     | Bought an encrusted copper ring for 130 gold pieces
 13459 | D:11     | Bought a scroll labelled DOHETZ RITESA for 26 gold pieces
 13503 | D:11     | Noticed a centaur warrior
 13516 | D:11     | Killed a centaur warrior
 13532 | D:11     | Noticed a two-headed ogre
 13537 | D:11     | Mangled by a wyvern

Illustrated notes

Levels and vault maps discovered:
D:1:      dpeg_arrival_lava_temple_mockup, layout_basic
D:2:      minmay_angry_zag, layout_loops_ring, makhleb_grotto_becter,
          tgw_kikubaaqudgha
D:3:      layout_basic, nicolae_ru_sacrificial_ziggurat, uniq_natasha,
          uniq_jessica
D:4:      minmay_opposing_rooms, layout_rooms, uniq_eustachio
D:5:      layout_layer_cave, grunt_decor_mini_mirrors,
          chequers_serial_rivers_micro_d, trog_book
D:6:      layout_loops_ring, lemuel_doored_altar, minmay_temple_entry_grid,
          serial_shops, shop, vehumet_altar_wand_db, uniq_menkaure,
          uniq_crazy_yiuf_cottage
D:7:      layout_loops_ring, pdpol_wu_jian_five_deadly_venoms,
          nicolae_qazlal_style_of_elements, eat_drink_and_be_merry_uskayaw,
          grunt_gozag_breadcrumbs, uniq_duvessa
D:8:      layout_gridville, serial_shops, shop, basic_altar, lemuel_oklob_altar,
          uniq_joseph
D:9:      layout_big_octagon, dpeg_oklobed_lair, uniq_harold
D:10:     layout_grid_maze
D:11:     layout_loops_cross, ebering_dispersal_statue_hall,
          minmay_shop_grid_forest, jmf_multi_god_temple, uniq_nergalle
Temple:   compressed_dpeg_circular_temple

Skill      XL: |  1  2  3  4  5  6  7  8  9 10 11 |
---------------+----------------------------------+-----
Stealth        | 1 2 4 6 7 8 |  8.4
Long Blades    | 3 4 6 8 9 10 | 10.8
Fighting       | 4 5 6 |  6.6
Dodging        | 4 6 7 8 |  8.5
Shields        | 4 6 7 8 |  8.5
Evocations     | 1 2 4 5 6 |  6.1

Action                   |  1- 3 |  4- 6 |  7- 9 | 10-12 || total
-------------------------+-------+-------+-------+-------++-------
Melee: Long sword        |    54 |   107 |   221 |   274 ||   656
       Constrict         |    22 |    26 |    57 |    45 ||   150
       Tentacles         |    13 |    15 |    61 |    59 ||   148
       Kick              |       |       |    60 |    47 ||   107
       Unarmed           |       |       |    15 |       ||    15
Throw: Dart              |       |       |    13 |     8 ||    21
Invok: Call Merchant     |       |       |       |     1 ||     1
Evoke: Wand              |       |       |       |     1 ||     1
  Use: Scroll            |     6 |     6 |    13 |     3 ||    28
       Potion            |       |       |     7 |     4 ||    11
 Stab: Sleeping          |     6 |    13 |     6 |    11 ||    36
       Distracted        |       |       |       |     1 ||     1
Armor: Skin              |     6 |     4 |     2 |    11 ||    23
Dodge: Dodged            |    15 |    31 |    82 |   122 ||   250
Block: Kite shield       |    23 |    42 |   113 |   151 ||   329
       Rpst.: Long sword |     7 |     4 |    23 |    27 ||    61
